| TOP OF THE 1ST |
|
Boise Hawks batting - Pitching for Williamsport Crosscutters : RHP Josh Palmer
|
|
Pitching: RHP Josh Palmer
|
|
|
Batting: LHB Steve Gilliam
|
0-0: Called Strike 0-1: Ball 1-1: Called Strike 1-2: Fly out, F7 (Flyball, 7, EV 83.1 MPH)
|
|
Batting: LHB Glenn Lowther
|
0-0: Ball 1-0: Called Strike 1-1: Ball 2-1: Ball 3-1: Foul Ball, location: 2F 3-2: SOLO HOME RUN (Flyball, 78XD, EV 98.1 MPH), Distance : 402 ft
|
|
Batting: SHB Bobby Santor
|
0-0: Called Strike 0-1: Ball 1-1: Swinging Strike 1-2: Ball 2-2: Strikes out swinging
|
|
Batting: RHB Elias Urbina
|
0-0: Ball 1-0: Ball 2-0: Swinging Strike 2-1: Ball 3-1: Ground out 4-3 (Groundball, 4, EV 79.4 MPH)
|
| Top of the 1st over - 1 run, 1 hit, 0 errors, 0 left on base; Boise 1 - Williamsport 0 |
| BOTTOM OF THE 1ST |
|
Williamsport Crosscutters batting - Pitching for Boise Hawks : RHP Dave Spriggs
|
|
Pitching: RHP Dave Spriggs
|
|
|
Batting: RHB Prabhukumar Santhanakrishnan
|
0-0: Ball 1-0: Fly out, F8 (Flyball, 8RS, EV 94.4 MPH)
|
|
Batting: RHB Alan Weller
|
0-0: Foul Ball, location: 2F 0-1: Ground out U3 (Groundball, 34, EV 79.4 MPH)
|
|
Batting: SHB Benjamin Brown
|
0-0: Ball 1-0: Ball 2-0: Ball 3-0: Base on Balls
|
|
Batting: LHB Tsuneharu Nishimura
|
0-0: Ball Benjamin Brown is caught stealing 2nd base 2-6
|
| Bottom of the 1st over - 0 runs, 0 hits, 0 errors, 0 left on base; Boise 1 - Williamsport 0 |
| TOP OF THE 2ND |
|
Boise Hawks batting - Pitching for Williamsport Crosscutters : RHP Josh Palmer
|
|
Batting: RHB Eric Delgado
|
0-0: Ball 1-0: Foul Ball, location: 2F 1-1: Foul Ball, location: 2F 1-2: Strikes out swinging, 2-3 out at first.
|
|
Batting: SHB Jamie Locke
|
0-0: Called Strike 0-1: Foul Ball, location: 2F 0-2: Foul Ball, location: 2F 0-2: Fly out, F4 (Line Drive, 4, EV 61.9 MPH)
|
|
Batting: RHB Chris Tatum
|
0-0: Swinging Strike 0-1: Ball 1-1: Called Strike 1-2: Strikes out swinging
|
| Top of the 2nd over - 0 runs, 0 hits, 0 errors, 0 left on base; Boise 1 - Williamsport 0 |
| BOTTOM OF THE 2ND |
|
Williamsport Crosscutters batting - Pitching for Boise Hawks : RHP Dave Spriggs
|
|
Batting: LHB Tsuneharu Nishimura
|
0-0: Ball 1-0: Foul Ball, location: 2F 1-1: SOLO HOME RUN (Flyball, 9D, EV 99.4 MPH), Distance : 384 ft
|
|
Batting: RHB Matt McDevitt
|
0-0: Called Strike 0-1: Ball 1-1: Ball 2-1: Fly out, F9 (Flyball, 89S, EV 88.1 MPH)
|
|
Batting: RHB Allen Gravel
|
0-0: Ball 1-0: Fly out, F9 (Flyball, 89M, EV 88.8 MPH)
|
|
Batting: RHB Moritake Fukumoto
|
0-0: Ball 1-0: Called Strike 1-1: Foul Ball, location: 2F 1-2: Ball 2-2: Ground out 4-3 (Groundball, 4, EV 88.1 MPH)
|
| Bottom of the 2nd over - 1 run, 1 hit, 0 errors, 0 left on base; Boise 1 - Williamsport 1 |
| TOP OF THE 3RD |
|
Boise Hawks batting - Pitching for Williamsport Crosscutters : RHP Josh Palmer
|
|
Batting: RHB John Stevenson
|
0-0: Called Strike 0-1: Ball 1-1: Ball 2-1: Ball 3-1: Base on Balls
|
|
Batting: LHB Mike Clark
|
0-0: Ball 1-0: Swinging Strike Balk! John Stevenson to second 1-1: Foul Ball, location: 2F 1-2: Strikes out looking
|
|
Batting: LHB Steve Gilliam
|
0-0: Called Strike 0-1: Foul Ball, location: 2F 0-2: Foul Ball, location: 2F 0-2: Ball 1-2: Ground out 6-3 (Groundball, P, EV 80.6 MPH) John Stevenson to third
|
|
Batting: LHB Glenn Lowther
|
0-0: Ball 1-0: Ball 2-0: Ball 3-0: Called Strike 3-1: SINGLE (Popup, 3D, EV 61.9 MPH) John Stevenson scores
|
|
Batting: SHB Bobby Santor
|
0-0: Ball Glenn Lowther is caught stealing 2nd base 2-6
|
| Top of the 3rd over - 1 run, 1 hit, 0 errors, 0 left on base; Boise 2 - Williamsport 1 |
| BOTTOM OF THE 3RD |
|
Williamsport Crosscutters batting - Pitching for Boise Hawks : RHP Dave Spriggs
|
|
Batting: RHB Jimmy Misener
|
0-0: Called Strike 0-1: Foul Ball, location: 2F 0-2: Strikes out swinging
|
|
Batting: RHB Cory Bonham
|
0-0: Called Strike 0-1: Ball 1-1: Called Strike 1-2: Ball 2-2: Ball 3-2: Ground out 1-3 (Groundball, 23, EV 76.9 MPH)
|
|
Batting: RHB Prabhukumar Santhanakrishnan
|
0-0: Ball 1-0: Ground out 4-3 (Groundball, 34, EV 105.0 MPH)
|
| Bottom of the 3rd over - 0 runs, 0 hits, 0 errors, 0 left on base; Boise 2 - Williamsport 1 |
| TOP OF THE 4TH |
|
Boise Hawks batting - Pitching for Williamsport Crosscutters : RHP Josh Palmer
|
|
Batting: SHB Bobby Santor
|
0-0: Ball 1-0: SINGLE (Groundball, 34D, EV 80.0 MPH) (infield hit)
|
|
Batting: RHB Elias Urbina
|
0-0: Ball 1-0: Called Strike 1-1: Foul Ball, location: 2F 1-2: Foul Ball, location: 2F 1-2: Fielders Choice at 2nd, 4-6 (Groundball, 4S, EV 88.1 MPH)
|
|
Batting: RHB Eric Delgado
|
0-0: Called Strike 0-1: Called Strike 0-2: Strikes out swinging
|
|
Batting: SHB Jamie Locke
|
0-0: Called Strike 0-1: Ball Wild Pitch! Elias Urbina to second 1-1: Swinging Strike 1-2: Ball 2-2: Strikes out swinging
|
| Top of the 4th over - 0 runs, 1 hit, 0 errors, 1 left on base; Boise 2 - Williamsport 1 |
| BOTTOM OF THE 4TH |
|
Williamsport Crosscutters batting - Pitching for Boise Hawks : RHP Dave Spriggs
|
|
Batting: RHB Alan Weller
|
0-0: Ball 1-0: Foul Ball, location: 2F 1-1: Ground out 5-3 (Groundball, 56S, EV 81.9 MPH)
|
|
Batting: SHB Benjamin Brown
|
0-0: Ball 1-0: Foul Ball, location: 2F 1-1: Ball 2-1: Foul Ball, location: 2F 2-2: Ball 3-2: Fly out, F3 (Line Drive, 3, EV 66.9 MPH)
|
|
Batting: LHB Tsuneharu Nishimura
|
0-0: Ball 1-0: Ball 2-0: Called Strike 2-1: Reached on error, E4 (Line Drive, 4, EV 69.4 MPH)
|
|
Batting: RHB Matt McDevitt
|
0-0: Called Strike 0-1: Ball 1-1: Foul Ball, location: 2F 1-2: Ball 2-2: Foul Ball, location: 2F 2-2: SINGLE (Groundball, 4D, EV 96.2 MPH) Tsuneharu Nishimura to second Tsuneharu Nishimura to third
|
|
Batting: RHB Allen Gravel
|
0-0: Foul Ball, location: 2F 0-1: Fly out, F8 (Flyball, 8RD, EV 92.5 MPH)
|
| Bottom of the 4th over - 0 runs, 1 hit, 1 error, 2 left on base; Boise 2 - Williamsport 1 |
| TOP OF THE 5TH |
|
Boise Hawks batting - Pitching for Williamsport Crosscutters : RHP Josh Palmer
|
|
Batting: RHB Chris Tatum
|
0-0: Called Strike 0-1: Swinging Strike 0-2: Strikes out looking
|
|
Batting: RHB John Stevenson
|
0-0: Ball 1-0: Foul Ball, location: 2F 1-1: Ball 2-1: Foul Ball, location: 2F 2-2: Ball 3-2: Strikes out looking
|
|
Batting: LHB Mike Clark
|
0-0: Swinging Strike 0-1: Ball 1-1: Ball 2-1: Ball 3-1: Foul Ball, location: 2F 3-2: Foul Ball, location: 2F 3-2: Foul Ball, location: 2F 3-2: Base on Balls
|
|
Batting: LHB Steve Gilliam
|
0-0: Ball 1-0: Ball Mike Clark is caught stealing 2nd base 2-6
|
| Top of the 5th over - 0 runs, 0 hits, 0 errors, 0 left on base; Boise 2 - Williamsport 1 |
| BOTTOM OF THE 5TH |
|
Williamsport Crosscutters batting - Pitching for Boise Hawks : RHP Dave Spriggs
|
|
Batting: RHB Moritake Fukumoto
|
0-0: Called Strike 0-1: Ball 1-1: DOUBLE (Groundball, 5L, EV 101.2 MPH)
|
|
Batting: RHB Jimmy Misener
|
0-0: Foul Ball, location: 2F 0-1: Ball 1-1: Foul Ball, location: 2F 1-2: Strikes out swinging
|
|
Batting: RHB Cory Bonham
|
0-0: Foul Ball, location: 2F 0-1: Ground out 5-3 (Groundball, 56, EV 102.5 MPH)
|
|
Batting: RHB Prabhukumar Santhanakrishnan
|
0-0: Foul Ball, location: 2F 0-1: Called Strike 0-2: Foul Ball, location: 2F 0-2: Strikes out swinging
|
| Bottom of the 5th over - 0 runs, 1 hit, 0 errors, 1 left on base; Boise 2 - Williamsport 1 |
| TOP OF THE 6TH |
|
Boise Hawks batting - Pitching for Williamsport Crosscutters : RHP Josh Palmer
|
|
Batting: LHB Steve Gilliam
|
0-0: Ball 1-0: Foul Ball, location: 2F 1-1: Ball 2-1: Foul Ball, location: 2F 2-2: Ball 3-2: Base on Balls
|
|
Batting: LHB Glenn Lowther
|
0-0: Ball 1-0: Foul Ball, location: 2F 1-1: Called Strike 1-2: Ball 2-2: Ball 3-2: Strikes out swinging
|
|
Pitching: LHP Kerry Tuckfard
|
|
|
Batting: SHB Bobby Santor
|
0-0: Ball 1-0: Called Strike 1-1: Foul Ball, location: 2F 1-2: Ball 2-2: Foul Ball, location: 2F 2-2: Ball Steve Gilliam steals 2nd base (no throw) 3-2: 2-RUN HOME RUN (Flyball, 7LD, EV 97.5 MPH), Distance : 343 ft
|
|
Batting: RHB Elias Urbina
|
0-0: Called Strike 0-1: Foul Ball, location: 2F 0-2: Foul Ball, location: 2F 0-2: Ball 1-2: Ball 2-2: Strikes out swinging
|
|
Batting: RHB Eric Delgado
|
0-0: Ball 1-0: Called Strike 1-1: Foul Ball, location: 2F 1-2: Strikes out swinging
|
| Top of the 6th over - 2 runs, 1 hit, 0 errors, 0 left on base; Boise 4 - Williamsport 1 |
| BOTTOM OF THE 6TH |
|
Williamsport Crosscutters batting - Pitching for Boise Hawks : RHP Dave Spriggs
|
|
Batting: RHB Alan Weller
|
0-0: Called Strike 0-1: Ball 1-1: Called Strike 1-2: Ball 2-2: Fly out, F6 (Line Drive, 6, EV 65.6 MPH)
|
|
Pitching: RHP Angelo Ayala
|
|
|
Batting: SHB Benjamin Brown
|
0-0: Ground out 6-3 (Groundball, 6, EV 101.2 MPH)
|
|
Batting: LHB Tsuneharu Nishimura
|
0-0: Ball 1-0: Ball 2-0: Called Strike 2-1: Fly out, F9 (Flyball, 9S, EV 81.9 MPH)
|
| Bottom of the 6th over - 0 runs, 0 hits, 0 errors, 0 left on base; Boise 4 - Williamsport 1 |
| TOP OF THE 7TH |
|
Boise Hawks batting - Pitching for Williamsport Crosscutters : LHP Kerry Tuckfard
|
|
Pitching: RHP Dusty DuPont
|
|
|
Batting: SHB Jamie Locke
|
0-0: Ball 1-0: DOUBLE (Line Drive, 89D, EV 101.2 MPH)
|
|
Batting: RHB Chris Tatum
|
0-0: Fly out, F8 (Line Drive, 8LD, EV 111.2 MPH)
|
|
Batting: RHB John Stevenson
|
0-0: Ground out 1-3 (Groundball, 13S, EV 71.9 MPH) Jamie Locke to third
|
|
Batting: LHB Mike Clark
|
0-0: Called Strike 0-1: Foul Ball, location: 2F 0-2: Strikes out swinging
|
| Top of the 7th over - 0 runs, 1 hit, 0 errors, 1 left on base; Boise 4 - Williamsport 1 |
| BOTTOM OF THE 7TH |
|
Williamsport Crosscutters batting - Pitching for Boise Hawks : RHP Angelo Ayala
|
|
Batting: RHB Matt McDevitt
|
0-0: Swinging Strike 0-1: Ball 1-1: Swinging Strike 1-2: Strikes out looking
|
|
Batting: RHB Allen Gravel
|
0-0: Fly out, F9 (Flyball, 89D, EV 100.6 MPH)
|
|
Batting: RHB Moritake Fukumoto
|
0-0: Ball 1-0: Ball 2-0: Ball 3-0: Base on Balls
|
|
Batting: RHB Jimmy Misener
|
0-0: SINGLE (Groundball, 6MD, EV 108.1 MPH) Moritake Fukumoto to second
|
|
Pinch Hitting: LHB Manoel Camp
|
0-0: Called Strike 0-1: Ball 1-1: Called Strike 1-2: Ball 2-2: Foul Ball, location: 2F 2-2: Fielders Choice at 2nd, 5-4 (Groundball, 56, EV 81.9 MPH)
|
| Bottom of the 7th over - 0 runs, 1 hit, 0 errors, 2 left on base; Boise 4 - Williamsport 1 |
| TOP OF THE 8TH |
|
Boise Hawks batting - Pitching for Williamsport Crosscutters : RHP Dusty DuPont
|
|
Now at SS: Ken Gadberry
|
|
|
Batting: LHB Steve Gilliam
|
0-0: Called Strike 0-1: Ball 1-1: Foul Ball, location: 2F 1-2: Ball 2-2: Fly out, F8 (Flyball, 8RXD, EV 94.4 MPH)
|
|
Batting: LHB Glenn Lowther
|
0-0: Ball 1-0: Called Strike 1-1: Ground out 6-3 (Groundball, 6, EV 83.8 MPH)
|
|
Batting: SHB Bobby Santor
|
0-0: Ground out U3 (Groundball, 34S, EV 88.8 MPH)
|
| Top of the 8th over - 0 runs, 0 hits, 0 errors, 0 left on base; Boise 4 - Williamsport 1 |
| BOTTOM OF THE 8TH |
|
Williamsport Crosscutters batting - Pitching for Boise Hawks : RHP Angelo Ayala
|
|
Pitching: RHP Nate Dallman
|
|
|
Batting: RHB Prabhukumar Santhanakrishnan
|
0-0: Called Strike 0-1: Ball 1-1: DOUBLE (Line Drive, 9LS, EV 111.9 MPH)
|
|
Batting: RHB Alan Weller
|
0-0: Ball 1-0: Ball 2-0: Fly out, F3 (Popup, 3F, EV 75.6 MPH)
|
|
Batting: SHB Benjamin Brown
|
0-0: Ball 1-0: Ball 2-0: Ball 3-0: Base on Balls
|
|
Batting: LHB Tsuneharu Nishimura
|
0-0: Foul Ball, location: 2F 0-1: Swinging Strike 0-2: Foul Ball, location: 2F 0-2: Strikes out swinging
|
|
Batting: RHB Matt McDevitt
|
0-0: Called Strike 0-1: Swinging Strike 0-2: Ball 1-2: Ball 2-2: Strikes out swinging
|
| Bottom of the 8th over - 0 runs, 1 hit, 0 errors, 2 left on base; Boise 4 - Williamsport 1 |
| TOP OF THE 9TH |
|
Boise Hawks batting - Pitching for Williamsport Crosscutters : RHP Dusty DuPont
|
|
Pitching: RHP Dustin Greaves
|
|
|
Batting: RHB Elias Urbina
|
0-0: Ball 1-0: Swinging Strike 1-1: Swinging Strike 1-2: Ball 2-2: Ball 3-2: Base on Balls
|
|
Batting: RHB Eric Delgado
|
0-0: Called Strike Elias Urbina steals 2nd base 0-1: Foul Ball, location: 2F 0-2: Foul Ball, location: 2F 0-2: Ball 1-2: Fly out, F8 (Flyball, 78S, EV 85.6 MPH)
|
|
Batting: SHB Jamie Locke
|
0-0: Called Strike 0-1: Foul Ball, location: 2F 0-2: Strikes out looking
|
|
Batting: RHB Chris Tatum
|
0-0: Ball 1-0: Called Strike 1-1: Ball Wild Pitch! Elias Urbina to third 2-1: Ball 3-1: Base on Balls
|
|
Batting: RHB John Stevenson
|
0-0: Ball 1-0: Ball Chris Tatum steals 2nd base 2-0: SINGLE (Line Drive, 89M, EV 108.1 MPH) Elias Urbina scores Chris Tatum to third Runner from 3rd tries for Home, SAFE, throw by CF to home John Stevenson to second
|
|
Batting: LHB Mike Clark
|
0-0: Ball 1-0: Foul Ball, location: 2F 1-1: Foul Ball, location: 2F 1-2: Strikes out swinging
|
| Top of the 9th over - 2 runs, 1 hit, 0 errors, 1 left on base; Boise 6 - Williamsport 1 |
| BOTTOM OF THE 9TH |
|
Williamsport Crosscutters batting - Pitching for Boise Hawks : RHP Nate Dallman
|
|
Batting: RHB Allen Gravel
|
0-0: Ball 1-0: SINGLE (Line Drive, 6M, EV 98.8 MPH)
|
|
Batting: RHB Moritake Fukumoto
|
0-0: Called Strike 0-1: Ball 1-1: Ball 2-1: Foul Ball, location: 2F 2-2: Ball 3-2: Fielders Choice at 2nd, 6-4 (Groundball, 6, EV 85.6 MPH)
|
|
Pitching: LHP Juan Vargas
|
|
|
Batting: RHB Jimmy Misener
|
0-0: Ball 1-0: Ball 2-0: Ball 3-0: Base on Balls Moritake Fukumoto to second
|
|
Batting: RHB Ken Gadberry
|
0-0: SINGLE (Groundball, 34, EV 98.1 MPH) Moritake Fukumoto to third Jimmy Misener to second
|
|
Batting: RHB Prabhukumar Santhanakrishnan
|
0-0: Ball 1-0: Called Strike 1-1: Ball 2-1: Fielders Choice at 2nd, 3-6 (Groundball, 34, EV 87.5 MPH) Moritake Fukumoto scores Jimmy Misener to third
|
|
Pitching: RHP Tye Dickinson
|
|
|
Batting: RHB Alan Weller
|
0-0: Ball 1-0: Foul Ball, location: 2F 1-1: Foul Ball, location: 2F 1-2: Strikes out looking
|
| Bottom of the 9th over - 1 run, 2 hits, 0 errors, 2 left on base; Boise 6 - Williamsport 2 |
|